 Dungeon Crawl Stone Soup version 0.31-a0-236-g9a0961fb85 (webtiles) character file.

Game seed: 2310220550550989366

60 Turgor the Sneak (level 3, -2/19 HPs)
             Began as a Vampire Enchanter on July 10, 2023.
             Slain by a gnoll
             ... wielding a +0 halberd
              (13 damage)
             ... on level 2 of the Dungeon.
             The game lasted 00:08:53 (1649 turns).

Turgor the Sneak (Vampire Enchanter)                Turns: 1649, Time: 00:08:53

Health: -2/19      AC:  3    Str:  7    XL:     3   Next: 80%
Magic:  3/6        EV: 12    Int: 19    God:
Gold:   122        SH:  0    Dex: 14    Spells: 3/6 levels left

rFire   . . .        f - +2 dagger (drain)
rCold   + + .        (no shield)
rNeg    + + +        b - +0 robe
rPois   ∞            j - +0 helmet
rElec   .            (no cloak)
rCorr   .            (no gloves)
SInv    +            (no boots)
Will    .....        (no amulet)
Stlth   +++++        (no ring)
HPRegen 0.00/turn    (no ring)
MPRegen 0.10/turn

%: no passive effects
@: confusing by touch, bloodless, inhibited regen
A: bloodless, fangs 3, see invisible, vampiric 2
a: Bat Form, Revivify


You were on level 2 of the Dungeon.
You visited 1 branch of the dungeon, and saw 2 of its levels.

You collected 122 gold pieces.

Inventory:

Hand Weapons
 f - a +2 dagger of draining (weapon)
Missiles
 g - 5 poisoned darts
Armour
 b - a +0 robe (worn)
 j - a +0 helmet (worn)
Scrolls
 a - a scroll of silence {unknown}
 d - 2 scrolls of revelation {unknown}
 e - a scroll of teleportation {unknown}
 h - 2 scrolls of noise {unknown}
 i - a scroll of fear {unknown}
 k - a scroll of enchant armour {unknown}
Potions
 c - 3 potions of invisibility


   Skills:
 * Level 3.4 Short Blades
 - Level 2.1 Dodging
 + Level 5.5 Stealth
 - Level 2.0 Spellcasting
 - Level 4.4 Hexes


You had 3 spell levels left.
You knew the following spells:

 Your Spells              Type           Power      Damage    Failure   Level
a - Confusing Touch       Hex            18%        N/A       9%          3

Your spell library contained the following spells:

 Spells                   Type           Power      Damage    Failure   Level
 Tukima's Dance           Hex            18%        N/A       9%          3
 Ensorcelled Hibernation  Hex/Ice        20%        N/A       11%         2
 Dazzling Flash           Conj/Hex       20%        N/A       21%         3
 Lesser Beckoning         Tloc           2%         N/A       26%         2
 Passwall                 Tmut/Erth      0%         N/A       26%         2
 Sublimation of Blood     Necr           1%         N/A       26%         2
 Wereblood                Tmut           1%         N/A       26%         2
 Gell's Gravitas          Tloc           1%         N/A       45%         3
 Swiftness                Air            1%         N/A       45%         3
 Teleport Other           Tloc           1%         N/A       45%         3
 Summon Hydra             Summ           0%         N/A       100%        7


Dungeon Overview and Level Annotations

Branches:
Dungeon (2/15)

Altars:


Innate Abilities, Weirdness & Mutations

You do not regenerate when monsters are visible.
You are frail without blood (-20% HP).
You can heal yourself when you bite living creatures.
You are immune to poison.
You have razor-sharp teeth.
You have supernaturally acute eyesight. (SInv)
You are afflicted with vampirism and can become a bat while bloodless.


Message History

What are your orders? t - Shout!
Orders for allies: a - Attack new target. r - Retreat! s - Stop attacking. g - Guard the area. f - Follow me.
Anything else - Cancel.
You shout for attention!
What are your orders? t - Shout!
Orders for allies: a - Attack new target. r - Retreat! s - Stop attacking. g - Guard the area. f - Follow me.
Anything else - Cancel.
You shout for attention!
What are your orders? t - Shout!
Orders for allies: a - Attack new target. r - Retreat! s - Stop attacking. g - Guard the area. f - Follow me.
Anything else - Cancel.
You shout for attention!
There is a stone staircase leading up here.
Casting: Confusing Touch (extremely dangerous; 9% risk of failure)
Confirm with . or Enter, or press ? or * to list all spells.
The spell is extremely dangerous to miscast (9% risk of failure)!
Continue anyway?
Your hands begin to glow red.
You hit the gnoll but do no damage. The gnoll hits you with a +0 flail!
You barely miss the gnoll. Your bite misses the gnoll.
The gnoll hits you but does no damage.
You barely miss the gnoll. Your bite misses the gnoll.
You closely miss the gnoll. You bite the gnoll.
You draw the gnoll's blood!
You feel better.
The gnoll is moderately wounded.
The gnoll closely misses you.
You closely miss the gnoll.
The gnoll is moderately wounded.
The gnoll hits you with a +0 flail.
The gnoll hits you from afar with a +0 halberd!
Ouch! That really hurt!
You die...

....g..#.# #.# #.#
...gg.)..# #.# #.#
...##.#### #g# #.##
...##.# #g# #..# ...##.#
#.# ##.# ......# # #.# #.#
..##### #.#.# #.# ..#
#.#g#######.### #.#
#...g@........# #.######
###.g######.#.#
#......#######.#.## #.#.#
######.#......###.####.#.#
######.#.###.## ##.......#
........#.###.# #.###..###
######.#.## #.#.# #.##
#..### #.# #.# #.## #.#
#.#


You could see 3 gnolls.

Vanquished Creatures
  2 adders (D:2)
  An orc (D:2)
  9 endoplasms
  2 giant cockroaches
  2 goblins (D:1)
  3 hobgoblins (D:2)
  3 jackals (D:1)
  A quokka (D:2)
  3 ball pythons (D:2)
  4 bats
  A frilled lizard (D:1)
  2 kobolds (D:1)
  3 rats
36 creatures vanquished.

Notes
Turn   | Place    | Note
-------+----------+-------------------------------------------
     0 | D:1      | Turgor the Vampire Enchanter began the quest for the Orb.
     0 | D:1      | Reached XP level 1. HP: 13/13 MP: 3/3
   155 | D:1      | You fall into a shaft and drop 1 floor!
   267 | D:1      | Reached XP level 2. HP: 15/15 MP: 5/5
   580 | D:1      | Reached skill level 5 in Stealth
   964 | D:2      | Gained mutation: You are afflicted with vampirism and can
                  | become a bat while bloodless. [Vampire growth]
   964 | D:2      | Reached XP level 3. HP: 19/19 MP: 6/6
  1055 | D:2      | Learned a level 3 spell: Confusing Touch
  1295 | D:2      | Found a faded altar of an unknown god.
  1649 | D:2      | Slain by a gnoll

Illustrated notes

Levels and vault maps discovered:
D:1:      beargit_arrival_greenhouse, layout_basic, dreamdust_wishing_well
D:2:      layout_loops_ring, ebering_ecumenical_altar_webs, minmay_tripent

Skill      XL: |  1  2  3 |
---------------+----------+-----
Short Blades   | 2 3 |  3.4
Stealth        | 5 |  5.5
Dodging        | |  2.1
Spellcasting   | |  2.0
Hexes          | |  4.4

Action                     || total
---------------------------++-------
  Melee: Dagger            ||    82
         Bite              ||     7
   Cast: Confusing Touch   ||     2
Ability: Exsanguinate      ||     1
   Stab: Sleeping          ||    10
         Distracted        ||     1
 Armour: Robe              ||    12
  Dodge: Dodged            ||    37

Table legend: (Time is in decaauts)
 A = Elapsed time spent in this place.
 B = Non-inter-level travel time spent in this place.
 C = Inter-level travel time spent in this place.
 D = Time resting spent in this place.
 E = Time spent auto-exploring this place.
 F = Levels seen in this place.
 G = Mean time per level.
                   A        B        C        D        E       F      G
               +--------+--------+--------+--------+--------+-----+--------+
         Total |   1639 |   1546 |     93 |     29 |   1057 |   2 |  819.5 |
       Dungeon |   1639 |   1546 |     93 |     29 |   1057 |   2 |  819.5 |
               +--------+--------+--------+--------+--------+-----+--------+

Top non-repeatable levels by time:
     D:1: 935 daAuts
     D:2: 704 daAuts
